 Dungeon Crawl Stone Soup version 0.30.1-5-ged363bc7ee (webtiles) character file.

Game seed: 17806876320915506174

101 ChiefBigBeans the Shield-Bearer (level 5, -4/42 HPs)
             Began as a Formicid Fighter on Sept 19, 2023.
             Succumbed to Crazy Yiuf's poison
             ... on level 2 of the Dungeon.
             The game lasted 00:03:45 (1304 turns).

ChiefBigBeans the Shield-Bearer (Formicid Fighter)  Turns: 1304, Time: 00:03:46

Health: -4/42      AC:  9    Str: 20 (21) XL:     5   Next: 4%
Magic:  5/5        EV:  9    Int:  4 (7)  God:
Gold:   67         SH:  5    Dex: 13 (15) Spells: 4/4 levels left

rFire   . . .        a - +0 long sword
rCold   . . .        c - +0 buckler
rNeg    + . .        l - +2 scale mail {rN+}
rPois   .            (helmet unavailable)
rElec   .            (no cloak)
rCorr   .            (no gloves)
SInv    +            (no boots)
Will    .....        (no amulet) Stlth
                     (no ring)
HPRegen 0.27/turn    (no ring)
MPRegen 0.09/turn

%: no passive effects
@: lethally poisoned (-4 -> -32)
A: permanent stasis, dig shafts and tunnels, antennae 3, four strong arms
a: Dig, Shaft Self


You were on level 2 of the Dungeon.
You visited 1 branch of the dungeon, and saw 2 of its levels.

You collected 67 gold pieces.

Inventory:

Hand Weapons
 a - a +0 long sword (weapon)
Armour
 b - a +0 scale mail
 c - a +0 buckler (worn)
 e - a +0 robe
 i - an orb of light
 l - a +2 scale mail of positive energy (worn)
 q - an orb of mayhem
Jewellery
 g - a +5 ring of evasion
 h - a ring of willpower
Scrolls
 f - a scroll of teleportation
 j - a scroll of fog {unknown}
 n - a scroll of identify
 p - a scroll of amnesia
 r - a scroll of brand weapon {unknown}
Potions
 d - a potion of might
 k - a potion of heal wounds {unknown}
 m - a potion of invisibility
 o - 3 potions of curing


   Skills:
 + Level 4.0 Fighting
 + Level 2.9 Long Blades
 + Level 4.0 Armour
 + Level 5.0 Shields


You had 4 spell levels left.
You didn't know any spells.
Your spell library contained the following spells:

 Spells                   Type           Power      Damage    Failure   Level
 Lesser Beckoning         Tloc           0%         N/A       96%         2
 Momentum Strike          Conj/Tloc      0%         3d8       96%         2
 Tukima's Dance           Hex            0%         N/A       99%         3
 Passage of Golubria      Tloc           0%         N/A       100%        4
 Summon Forest            Summ/Tloc      0%         N/A       100%        5
 Yara's Violent Unravell  Hex/Tmut       0%         3d3       100%        5
 Eringya's Noxious Bog    Tmut/Pois      0%         N/A       100%        6
 Summon Hydra             Summ           0%         N/A       100%        7
 Blink                    Tloc           Unusable   N/A       N/A         2

Dungeon Overview and Level Annotations

Branches:
Dungeon (2/15)

Altars:

Annotations:
D:2 Crazy Yiuf


Innate Abilities, Weirdness & Mutations

You cannot be hasted, slowed, berserked, paralysed or teleported.
You can dig through walls and to a lower floor.
You have a pair of large antennae on your head. (SInv)
Your four strong arms can wield two-handed weapons with a shield.


Message History

You finish putting on your +0 buckler.
Crazy Yiuf grits, "Flower!
Paint spinner Orb Guardian."
You open the door. You hit Crazy Yiuf.
Crazy Yiuf is lightly wounded.
Crazy Yiuf closely misses you.
You hit Crazy Yiuf but do no damage.
Crazy Yiuf is lightly wounded.
Crazy Yiuf hits you but does no damage.
You are poisoned.
You hit Crazy Yiuf.
Crazy Yiuf is moderately wounded.
You feel very sick.
Crazy Yiuf hits you with a +4 quarterstaff of chaos.
You are electrocuted!
Crazy Yiuf barely misses you.
You hit Crazy Yiuf.
Crazy Yiuf is heavily wounded.
You feel sick. Crazy Yiuf barely misses you.
You completely miss Crazy Yiuf.
Crazy Yiuf is heavily wounded.
You feel sick. Crazy Yiuf hits you but does no damage.
Crazy Yiuf barely misses you.
You hit Crazy Yiuf.
Crazy Yiuf is severely wounded.
You feel sick. Crazy Yiuf barely misses you.
You closely miss Crazy Yiuf.
Crazy Yiuf is severely wounded.
You feel sick.
Crazy Yiuf hits you with a +4 quarterstaff of chaos!
You are lethally poisoned!
You barely miss Crazy Yiuf.
Crazy Yiuf is severely wounded.
* * * LOW HITPOINT WARNING * * *
You feel very sick.
Crazy Yiuf hits you with a +4 quarterstaff of chaos.
* * * LOW HITPOINT WARNING * * *
You are more poisoned.
You closely miss Crazy Yiuf.
Crazy Yiuf is severely wounded.
You die...

##....#
#.##.....
#....#
#.#######
♣....♣
#.# #
♣...♣♣
#.# ♣♣.♣♣
####.#
♣.♣♣
#....#
♣♣.♣
######
♣.♣♣ ♣♣@♣
#g# ...
#...#
#..)#
#####


You could see Crazy Yiuf.

Vanquished Creatures
  Terence (D:2)
  3 adders (D:2)
  A dart slug (D:1)
  3 ball pythons
  6 bats (D:1)
  3 endoplasms (D:1)
  2 goblins
  7 hobgoblins
  6 jackals
  2 quokkas (D:1)
  7 kobolds
  2 rats
43 creatures vanquished.

Notes
Turn   | Place    | Note
-------+----------+-------------------------------------------
     0 | D:1      | ChiefBigBeans the Formicid Fighter began the quest for the
                  | Orb.
     0 | D:1      | Reached XP level 1. HP: 18/18 MP: 1/1
   138 | D:1      | Reached XP level 2. HP: 20/24 MP: 2/2
   401 | D:1      | Reached XP level 3. HP: 28/29 MP: 3/3
   886 | D:2      | Reached XP level 4. HP: 28/37 MP: 4/4
   973 | D:2      | Noticed Terence
   993 | D:2      | Killed Terence
  1194 | D:2      | Reached skill level 5 in Shields
  1194 | D:2      | Reached XP level 5. HP: 42/42 MP: 5/5
  1277 | D:2      | Found a runed translucent door.
  1278 | D:2      | Noticed Crazy Yiuf
  1304 | D:2      | Succumbed to Crazy Yiuf's poison

Illustrated notes

Levels and vault maps discovered:
D:1:      matt_arrival_refuge, layout_rooms, serial_corexii_hall,
          corexii_hall_statues_l, corexii_hall_statues_l, minmay_hexomino_p4
D:2:      layout_basic, uniq_terence, uniq_crazy_yiuf_cottage

Skill      XL: |  1  2  3  4 |
---------------+-------------+-----
Fighting       | 4 |  4.0
Armour         | 4 |  4.0
Shields        | 5 |  5.0
Long Blades    | |  2.9

Action                     |  1- 3 |  4- 6 || total
---------------------------+-------+-------++-------
  Melee: Long sword        |   118 |    53 ||   171
Ability: Dig               |     1 |       ||     1
    Use: Scroll            |     6 |       ||     6
         Potion            |     3 |       ||     3
 Armour: Scale mail        |   103 |    16 ||   119
  Dodge: Dodged            |    80 |    26 ||   106
  Block: Buckler           |    43 |     7 ||    50
